 Dungeon Crawl Stone Soup version 0.31.0-32-g396128a36d (webtiles) character file.

Game seed: 1859164553457355662

202 hawla the Firebug (level 5, -1/42 HPs)
             Began as a Deep Elf Fire Elementalist on Apr 10, 2024.
             Slain by a gnoll
             ... wielding a +0 flail
              (5 damage)
             ... on level 3 of the Dungeon on Apr 11, 2024.
             The game lasted 00:05:38 (2111 turns).

hawla the Firebug (Deep Elf Fire Elementalist)      Turns: 2111, Time: 00:05:39

Health: -1/42      AC: 26    Str:  5    XL:     5   Next: 50%
Magic:  0/11       EV:  2    Int: 22    God:
Gold:   169        SH:  0    Dex: 15    Spells: 7/10 levels left

rFire   . . .        (no weapon)
rCold   . . .        (no shield)
rNeg    + . .        a - melded +0 robe
rPois   +            j - melded +0 helmet
rElec   .            (cloak currently unavailable)
rCorr   .            (gloves currently unavailable)
SInv    .            e - melded +2 pair of boots {Fly}
Will    .....        (no amulet)
Stlth   ++           c - ring of positive energy
HPRegen 0.27/turn    i - +4 ring of protection
MPRegen 0.12/turn

%: no passive effects
@: tree-form, very slightly contaminated, studying Invocations
A: stationary, stasis, torment immunity, boosted hp
a: no special abilities


You were on level 3 of the Dungeon.
You were a tree.
You visited 1 branch of the dungeon, and saw 3 of its levels.

You collected 169 gold pieces.

Inventory:

Armour
 a - a +0 robe (melded)
 e - a +2 pair of boots of flying (melded)
 j - a +0 helmet (melded)
Jewellery
 c - a ring of positive energy (left branch)
 i - a +4 ring of protection (right branch)
Scrolls
 h - a scroll of vulnerability
 m - a scroll of identify
Potions
 f - a potion of mutation {unknown}
 l - a potion of degeneration {unknown}
 o - a potion of might {unknown}
 p - a potion of attraction {unknown}


   Skills:
 - Level 2.4 Dodging
 - Level 2.4 Stealth
 - Level 3.0 Spellcasting
 - Level 1.1 Conjurations
 + Level 6.9 Fire Magic


You had 7 spell levels left.
You knew the following spells:

 Your Spells              Type           Power      Damage    Failure   Level
a - Foxfire               Conj/Fire      84%        2x1d8     2%          1
b - Scorch                Fire           66%        2d7       1%          2

Your spell library contained the following spells:

 Spells                   Type           Power      Damage    Failure   Level
 Inner Flame              Hex/Fire       18%        N/A       9%          3
 Volatile Blastmotes      Fire/Tloc      36%        2d13      9%          3
 Ensorcelled Hibernation  Hex/Ice        6%         N/A       19%         2
 Flame Wave               Conj/Fire      21%        2d8       24%         4
 Anguish                  Hex/Necr       1%         N/A       77%         4
 Borgnjor's Vile Clutch   Necr/Erth      1%         N/A       98%         5
 Death Channel            Necr           1%         N/A       100%        6


Dungeon Overview and Level Annotations

Branches:
Dungeon (3/15)

Altars:
Yredelemnul
The Shining One

Annotations:
D:2 dig the wand
D:3 1 runed translucent door, Crazy Yiuf


Message History

The gnoll hits you but does no damage. The gnoll completely misses you.
The gnoll hits you but does no damage.
You hit the gnoll.
The gnoll is almost dead.
The gnoll hits you with a +0 flail.
* * * LOW HITPOINT WARNING * * *
The gnoll hits you but does no damage. The gnoll hits you with a +0 club.
* * * LOW HITPOINT WARNING * * *
You hit the gnoll but do no damage.
The gnoll is almost dead.
The gnoll hits you but does no damage. The gnoll completely misses you.
The gnoll hits you with a +0 club.
* * * LOW HITPOINT WARNING * * *
Casting: Foxfire (safe; 2% risk of failure)
Confirm with . or Enter, or press ? or * to list all spells.
You miscast Foxfire.
You are very lightly contaminated with residual magic.
Nothing appears to happen.
The gnoll hits you but does no damage. The gnoll hits you with a +0 club.
* * * LOW HITPOINT WARNING * * *
The gnoll barely misses you.
Casting: Foxfire (safe; 2% risk of failure)
Confirm with . or Enter, or press ? or * to list all spells.
You don't have enough magic to cast this spell.
You smack the gnoll!
You kill the gnoll!
The gnoll hits you with a +0 flail.
* * * LOW HITPOINT WARNING * * *
The gnoll completely misses you.
Casting: Foxfire (safe; 2% risk of failure)
Confirm with . or Enter, or press ? or * to list all spells.
You conjure some foxfire!
The gnoll hits you but does no damage. x2
You hit the gnoll but do no damage.
The gnoll is heavily wounded.
The foxfire hits the gnoll.
The gnoll is almost dead.
The foxfire hits the gnoll!
The gnoll is heavily wounded.
The gnoll hits you but does no damage. The gnoll hits you with a +0 flail.
You die...

~~~~~... ~~~...
...... ....
!..## #.).####.
#!.......
###g##..###
#.g♣))..... ..#
###
###.#####?##...
.. #.# #...##.#
#.# .[.)..##
#.# #......#
#.# #.#$.#..
#.# #%....)§
##.# #..# #..#
###..#


You could see 2 gnolls.

Vanquished Creatures
  A gnoll bouda (D:3)
  Jessica (D:3)
  8 gnolls (D:3)
  2 adders (D:2)
  A dart slug (D:1)
  An orc (D:3)
  6 ball pythons
  5 endoplasms
  A giant cockroach (D:3)
  3 goblins (D:2)
  4 hobgoblins (D:2)
  4 jackals (D:1)
  A quokka (D:1)
  4 bats
  3 frilled lizards
  A kobold (D:1)
  7 rats
53 creatures vanquished.

Vanquished Creatures (others)
  142 foxfires
142 creatures vanquished.

Grand Total: 195 creatures vanquished

Notes
Turn   | Place    | Note
-------+----------+-------------------------------------------
     0 | D:1      | hawla the Deep Elf Fire Elementalist began the quest for
                  | the Orb.
     0 | D:1      | Reached XP level 1. HP: 10/10 MP: 6/6
    83 | D:1      | Got the Secrets of Grim Enchantment
   124 | D:1      | Found a faded altar of an unknown god.
   146 | D:1      | Reached XP level 2. HP: 14/15 MP: 6/8
   175 | D:1      | Reached skill level 4 in Fire Magic
   624 | D:1      | Learned a level 2 spell: Scorch
   965 | D:2      | Reached XP level 3. HP: 19/19 MP: 5/9
  1133 | D:2      | Reached skill level 5 in Fire Magic
  1780 | D:3      | Identified a scroll of acquirement
  1780 | D:3      | Acquired a +2 pair of boots of flying
  1797 | D:3      | Reached XP level 4. HP: 24/24 MP: 6/10
  1878 | D:3      | Found a glowing golden altar of the Shining One.
  1881 | D:3      | Noticed an angel
  1891 | D:3      | Found a basalt altar of Yredelemnul.
  1893 | D:3      | Noticed a profane servitor
  1943 | D:3      | Reached skill level 6 in Fire Magic
  1948 | D:3      | Reached XP level 5. HP: 28/28 MP: 0/11
  2034 | D:3      | Found a runed translucent door.
  2035 | D:3      | Noticed Crazy Yiuf
  2063 | D:3      | Noticed Jessica
  2073 | D:3      | Killed Jessica
  2111 | D:3      | Slain by a gnoll

Illustrated notes

Levels and vault maps discovered:
D:1:      minmay_arrival_glassed_features, layout_basic,
          ebering_ecumenical_altar_rust, minmay_crystal_room,
          minmay_misc_feat_room
D:2:      layout_basic, minmay_surrounded
D:3:      layout_rooms, grunt_temple_overflow_holy_war, portal_sewer_entry_a,
          uniq_jessica, uniq_crazy_yiuf_cottage

Skill      XL: |  1  2  3  4 |
---------------+-------------+-----
Fire Magic     | 4 5 6 |  6.9
Dodging        | |  2.4
Stealth        | |  2.4
Spellcasting   | |  3.0
Conjurations   | |  1.1

Action                     |  1- 3 |  4- 6 || total
---------------------------+-------+-------++-------
  Melee: Unarmed           |    18 |    33 ||    51
   Cast: Foxfire           |    52 |    28 ||    80
         Scorch            |     1 |     5 ||     6
    Use: Scroll            |     3 |     4 ||     7
         Potion            |       |     2 ||     2
 Armour: Robe              |    29 |    27 ||    56
         Skin              |       |    17 ||    17
  Dodge: Dodged            |    26 |    37 ||    63
